 Dungeon Crawl Stone Soup version 0.22-a0-136-g83a10e5 (webtiles) character file.

126 Amnesiac the Chiller (level 4, -2/28 HPs)
             Began as a Deep Elf Ice Elementalist on Feb 2, 2018.
             Killed by divine providence
             ... invoked by an orc priest
              (10 damage)
             ... on level 3 of the Dungeon.
             The game lasted 00:04:52 (3077 turns).

Amnesiac the Chiller (Deep Elf Ice Elementalist)    Turns: 3077, Time: 00:04:53

Health: -2/28      AC:  3    Str:  5    XL:     4   Next: 83%
Magic:  6/10       EV: 12    Int: 21    God:
Gold:   109        SH:  0    Dex: 15    Spells: 5/9 levels left

rFire    . . .     SeeInvis .   (no weapon)
rCold    . . .     Gourm    .   (no shield)
rNeg     . . .     Faith    .   i - +0 leather armour {rPois}
rPois    +         Spirit   .   (no helmet)
rElec    .         Reflect  .   (no cloak)
rCorr    .         Harm     .   (no gloves)
MR       .....                  (no boots)
Stlth    +.........             (no amulet)
HPRegen  0.09/turn              g - ring of loudness (curse)
MPRegen  0.12/turn              (no ring)

@: berserk cooldown, very slightly contaminated, slowed, very slow
A: no striking features
a: no special abilities


You were on level 3 of the Dungeon.
You were hungry.

You visited 1 branch of the dungeon, and saw 3 of its levels.

You collected 109 gold pieces.

Inventory:

Armour
 a - a +0 robe
 i - a +0 leather armour of poison resistance (worn)
Jewellery
 f - an uncursed ring of fire
 g - a cursed ring of loudness (left hand)
Scrolls
 l - a scroll of remove curse {!r, unknown}
 m - a scroll of random uselessness {!r, unknown}
Potions
 e - a potion of curing {!q}
 h - a potion of resistance {!q}
 k - a potion of ambrosia {!q, unknown}
Books
 b - a book of Frost

   Spells                             Type                      Level
   a - Freeze                         Ice                          1
   b - Throw Frost                    Conjuration/Ice              2
   c - Ozocubu's Armour               Charms/Ice                   3
   d - Throw Icicle                   Conjuration/Ice              4
   e - Summon Ice Beast               Ice/Summoning                4
Comestibles
 c - 2 rations
 j - 13 chunks of flesh


   Skills:
 * Level 3.1 Fighting
 + Level 3.2 Dodging
 - Level 2.4 Stealth
 - Level 3.0 Spellcasting
   Level 1.1 Conjurations
 + Level 3.8 Ice Magic


You had 5 spell levels left.
You knew the following spells:

 Your Spells              Type           Power        Failure   Level  Hunger
a - Freeze                Ice            ###.         4%          1    None
b - Ozocubu's Armour      Chrm/Ice       ##......     30%         3    ###....


Dungeon Overview and Level Annotations

Branches:
Dungeon (3/15)

Altars:
Fedhas
Nemelex Xobeh
Xom

Annotations:
D:2 exclusion: oklob plant


Message History

The orc shouts!
The orc priest shouts!
You hear a shout!
An orc priest comes into view. It is wielding a hand axe.
There are monsters nearby!
There are monsters nearby!
The orc priest shouts!
A rat comes into view.
Casting: Freeze (safe; 4% risk of failure)
Confirm with . or Enter, or press ? or * to list all spells.
You miscast Ozocubu's Armour.
You are very lightly contaminated with residual magic.
Multicoloured lights dance before your eyes!
Okay, then.
Casting: Ozocubu's Armour (safe; 30% risk of failure)
Confirm with . or Enter, or press ? or * to list all spells.
Aiming: Freeze (safe; 4% risk of failure)
Press: ? - help, Shift-Dir - straight line, f - orc
Aim: an orc You freeze the orc.
The orc is severely wounded.
The orc hits you.
Unknown command.
Casting: Freeze (safe; 4% risk of failure)
Confirm with . or Enter, or press ? or * to list all spells.
Aiming: Freeze (safe; 4% risk of failure)
Press: ? - help, Shift-Dir - straight line, f/p - orc
Aim: an orc (severely wounded)
You freeze the orc.
You kill the orc!
You are feeling hungry.
The orc priest mumbles some strange prayers to Beogh against you.
Beogh smites you!
Ouch! That really hurt!
* * * LOW HITPOINT WARNING * * *
You hear a shout!
Really quaff
e - 2 fuming purple potions {!q}?
It was a potion of curing {!q}.
You feel better. The rat barely misses you.
Okay, then.
Okay, then.
Really quaff
d - a fizzy red potion {!q}?
It was a potion of berserk rage {!q}.
A red film seems to cover your vision as you go berserk!
You feel yourself moving faster!
You feel mighty! The rat bites you.
The orc priest calls down the wrath of Beogh upon you.
Pain shoots through your body!
* * * LOW HITPOINT WARNING * * *
You feel a strong urge to attack something.
The orc priest closely misses you.
You barely miss the orc priest.
The orc priest hits you with a hand axe.
* * * LOW HITPOINT WARNING * * *
You barely miss the orc priest. The rat bites you.
* * * LOW HITPOINT WARNING * * *
You punch the orc priest!
The orc priest is heavily wounded.
The orc priest hits you but does no damage.
The rat barely misses you.
You barely miss the orc priest.
The orc priest is heavily wounded.
You are no longer berserk.
You are exhausted.
You feel yourself slow down.
The orc priest calls down the wrath of Beogh upon you.
Beogh smites you!
You die...

### #.# ..# ...# #.# #o..
#.# # #... #.# #. #... #.#
#..#...#####.#############
.........@o#.....[........
#..#...###ro##############
#.....o.o....# #.
########..%.######..#
####. ............. ......
..... #.<......# ...####
###.. #.######## #.#.##
#.. #. #.#..# #.. #.
#.#..## #..


You could see 2 orc priests and a rat.

Vanquished Creatures
  A bullfrog (D:3)
  An adder (D:2)
  A worm (D:2)
  A dart slug (D:2)
  A leopard gecko (D:3)
  An orc (D:3)
  3 bats
  A giant cockroach (D:2)
  5 goblins
  8 hobgoblins
  5 jackals (D:3)
  3 frilled lizards
  6 kobolds
  5 rats
42 creatures vanquished.

Notes
Turn   | Place    | Note
-------+----------+-------------------------------------------
     0 | D:1      | Amnesiac the Deep Elf Ice Elementalist began the quest for the Orb.
     0 | D:1      | Reached XP level 1. HP: 10/10 MP: 6/6
   274 | D:1      | Reached skill level 1 in Fighting
   700 | D:1      | Reached XP level 2. HP: 15/16 MP: 6/8
   970 | D:2      | Found a shimmering altar of Xom.
  1095 | D:2      | Found a blossoming altar of Fedhas.
  1107 | D:2      | Noticed an oklob plant
  1383 | D:2      | Reached XP level 3. HP: 14/21 MP: 4/9
  1812 | D:2      | Found a sparkling altar of Nemelex Xobeh.
  2688 | D:3      | Noticed a bullfrog
  2699 | D:3      | Killed a bullfrog
  2699 | D:3      | Reached XP level 4. HP: 17/28 MP: 5/10
  2760 | D:3      | Learned a level 3 spell: Ozocubu's Armour
  3077 | D:3      | Killed from afar by an orc priest

Vault maps used:
D:1:      lightli_arrival_statuegarden
D:2:      lemuel_crystal_altar, nemelex_xobeh_ov_fountains_minmay, first_ration,
          minmay_misc_feat_chi, tgw_fedhas
D:3:      st_stairs_14

Skill      XL: |  1  2  3 |
---------------+----------+-----
Fighting       | 1 2 3 |  3.1
Dodging        | 3 |  3.2
Stealth        | |  2.4
Spellcasting   | |  3.0
Conjurations   | |  1.1
Ice Magic      | |  3.8

Action                   |  1- 3 |  4- 6 || total
-------------------------+-------+-------++-------
Melee: Unarmed           |     1 |     4 ||     5
 Cast: Freeze            |    48 |    24 ||    72
       Ozocubu's Armour  |       |     1 ||     1
  Use: Scroll            |     3 |       ||     3
       Potion            |       |     2 ||     2
  Eat: Chunk             |     4 |     2 ||     6
Armor: Robe              |     3 |       ||     3
       Leather armour    |     4 |     2 ||     6
Dodge: Dodged            |    29 |    17 ||    46

Table legend:
 A = Spawn XP
 B = Non-spawn XP
 C = Spawn XP percentage of total XP
 D = Spawn monster count
 E = Non-spawn monster count
 F = Spawn count percentage of total count
 G = Total turns spent on level
                    A         B        C        D         E        F      G
               +---------+---------+-------+---------+---------+-------+---------
         Total |       0 |     180 |   0.0 |       0 |      42 |   0.0 |  3077
               +---------+---------+-------+---------+---------+-------+---------
           D:1 |       0 |      13 |   0.0 |       0 |       8 |   0.0 |  1404
           D:2 |       0 |      44 |   0.0 |       0 |      16 |   0.0 |  1220
           D:3 |       0 |     123 |   0.0 |       0 |      18 |   0.0 |   453
               +---------+---------+-------+---------+---------+-------+---------
